 Dungeon Crawl Stone Soup version 0.22-a0-433-gd2a9cce (webtiles) character file.

3107 KristoblXynda the Basher (level 9, -7/65 HPs)
             Began as a Naga Gladiator on May 27, 2018.
             Was a Priest of Hepliaklqana.
             Killed from afar by a swamp worm (21 damage)
             ... with a harpoon shot
             ... on level 8 of the Dungeon.
             The game lasted 00:12:30 (6971 turns).

KristoblXynda the Basher (Naga Gladiator)           Turns: 6971, Time: 00:12:31

Health: -7/65      AC: 10    Str: 18    XL:     9   Next: 90%
Magic:  9/9        EV: 12    Int: 11    God:    Hepliaklqana [***...]
Gold:   41         SH:  0    Dex: 15    Spells: 8/8 levels left

rFire    . . .     SeeInvis +   w - +0 whip (elec)
rCold    + . .     Gourm    .   (no shield)
rNeg     . . .     Faith    .   j - +0 ring mail
rPois    +         Spirit   .   c - +0 helmet
rElec    .         Reflect  .   a - +0 cloak of Ganecla {rC+ Dex+3 Slay+2} (curse)
rCorr    .         Harm     .   i - +0 pair of gloves
MR       +....                  (no barding)
Stlth    +++.......             (no amulet)
HPRegen  0.20/turn              (no ring)
MPRegen  0.11/turn              (no ring)

@: very slow
A: large, reduced essence, see invisible, deformed body, poison resistance,
slowness 2, slow metabolism 1, spit poison 1, AC +3
a: Spit Poison, Recall Ancestor, Ancestor Identity, Transference, Renounce
Religion


You were on level 8 of the Dungeon.
You worshipped Hepliaklqana.
Hepliaklqana was most pleased with you.
You were not hungry.

You visited 2 branches of the dungeon, and saw 9 of its levels.

You collected 373 gold pieces.
You spent 332 gold pieces at shops.

Inventory:

Hand Weapons
 v - a +0 morningstar of protection
 w - a +0 whip of electrocution (weapon)
Missiles
 d - 4 throwing nets (quivered)
Armour
 a - the cursed +0 cloak of Ganecla (worn) {rC+ Dex+3 Slay+2}
   (You bought it in a shop on level 5 of the Dungeon)

   It affects your dexterity (+3).
   It affects your accuracy and damage with ranged weapons and melee attacks
   (+2).
   It protects you from cold.
   It has a curse placed upon it.
 c - a +0 helmet (worn)
 i - a +0 pair of gloves (worn)
 j - a +0 ring mail (worn)
Wands
 m - a wand of acid (7)
 t - a wand of scattershot (4)
 u - a wand of paralysis (10)
Scrolls
 b - 2 scrolls of enchant weapon
 q - a scroll of teleportation
 s - a scroll of blinking
Potions
 e - 2 potions of cancellation
 g - 3 potions of haste
 h - 2 potions of might
 k - a potion of invisibility {unknown}
 l - a potion of curing
 n - 2 potions of mutation
 o - 3 potions of brilliance
 p - a potion of lignification {unknown}
Comestibles
 f - 12 rations
 r - a chunk of flesh


   Skills:
 - Level 2.0 Fighting
 + Level 9.4 Maces & Flails
 - Level 2.0 Throwing
 + Level 5.1 Armour
 + Level 5.8 Dodging
 + Level 7.2 Stealth


You had 8 spell levels left.
You didn't know any spells.
Your spell library contained the following spells:

 Spells                   Type           Power        Failure   Level  Hunger
 Throw Frost              Conj/Ice       #.....       65%         2    ###....
 Freeze                   Ice            #...         52%         1    ##.....
 Summon Ice Beast         Ice/Summ       #.......     99%         4    #####..
 Ozocubu's Armour         Chrm/Ice       #.......     87%         3    ####...
 Throw Icicle             Conj/Ice       #.......     99%         4    #####..


Dungeon Overview and Level Annotations

Branches:
Dungeon (8/15)             Temple (1/1) D:5
   Lair: D:8-11

Altars:
Ashenzari
Cheibriados
Elyvilon
Fedhas
Gozag
Hepliaklqana
Kikubaaqudgha
Makhleb
Nemelex Xobeh
Qazlal
Ru
Sif Muna
Trog
Vehumet
Wu Jian
Xom
Yredelemnul
The Shining One

Shops:
D:5 [


Innate Abilities, Weirdness & Mutations

You cannot wear boots.
Your serpentine skin is tough. (AC +3)
You have supernaturally acute eyesight. (SInv)
Armour fits poorly on your strangely shaped body.
Your system is resistant to poisons. (rPois)
You cover ground very slowly.
You have a slow metabolism.
You can spit poison.
Your life essence is reduced to manifest your ancestor. (-10% HP)


Message History

* * * LOW HITPOINT WARNING * * *
The swamp worm throws harpoon shot at you.
The harpoon shot hits you!
* * * LOW HITPOINT WARNING * * *
You are yanked forward by the harpoon shot.
Evoke which item? (* to show all) (? for menu, Esc to quit)
Aiming: Scattershot
Press: ? - help, Shift-Dir - straight line, f - swamp worm
Aim: a swamp worm (heavily wounded, lightly drained)
The burst of metal fragments hits the swamp worm. x3
You kill the swamp worm!
You see here a swamp worm corpse.
You butcher the swamp worm corpse.
r - a chunk of flesh You start resting.
A swamp worm comes into view.
A swamp worm comes into view.
The swamp worm throws harpoon shot at you.
The harpoon shot hits you!
You die...

########## #........#
##........#
.###.........#
..>..........#
##.###'## ........#
#####.#.#############
#............@...#
#.#..####≈≈≈≈≈≈≈.##
...#..##≈≈≈≈≈≈≈≈≈≈≈#
.....##..≈≈≈#######≈≈≈#
..... #..≈w## #≈≈≈#
..... #..≈≈# wP≈≈.#
..... ##.≈≈# ≈#P≈w.#
..≈≈≈ ###≈≈≈.# ..≈≈≈
≈≈≈..#


You could see 2 swamp worms.

Vanquished Creatures
  Pikel (D:7)
  A swamp worm (D:8)
  3 ogres
  A phantom (D:4)
  A bullfrog (D:6)
  A scorpion (D:5)
  4 wights (D:7)
  A howler monkey (D:2)
  A crimson imp (D:6)
  2 orc priests
  3 bullfrog skeletons
  A centaur skeleton (D:6)
  2 orc wizards
  2 worker ants
  3 worker ant zombies
  Robin (D:2)
  2 gnolls (D:5)
  12 adders
  3 oozes
  2 adder skeletons
  4 worms
  3 dart slugs (D:1)
  3 leopard geckos
  13 orcs
  3 ball pythons
  3 giant cockroaches
  6 hobgoblins
  3 jackals (D:7)
  5 quokkas
  5 bats (D:2)
  6 frilled lizards
  6 goblins
  7 kobolds
  8 rats
122 creatures vanquished.

Vanquished Creatures (collateral kills)
  The ghost of psellion the Fighter, a novice CeHu (D:4)
  A hippogriff (D:4)
  A spriggan (D:7)
  A sky beast (D:6)
  A centaur (D:5)
  3 bullfrogs
  A scorpion (D:6)
  A howler monkey (D:5)
  An orc priest (D:5)
  3 orc wizards (D:5)
  A hound skeleton (D:7)
  2 gnolls (D:5)
  An adder (D:5)
  A shadow imp (D:5)
  4 orcs
  A ball python (D:3)
  A jackal (D:7)
  A quokka (D:5)
  A rat (D:3)
27 creatures vanquished.

Vanquished Creatures (others)
  2 hexers
  4 plants (D:8)
6 creatures vanquished.

Grand Total: 155 creatures vanquished

Notes
Turn   | Place    | Note
-------+----------+-------------------------------------------
     0 | D:1      | KristoblXynda the Naga Gladiator began the quest for the Orb.
     0 | D:1      | Reached XP level 1. HP: 19/19 MP: 1/1
   446 | D:1      | Reached XP level 2. HP: 24/26 MP: 2/2
   888 | D:1      | Reached XP level 3. HP: 29/32 MP: 3/3
  1248 | D:2      | Found a faded altar of an unknown god.
  1558 | D:2      | Reached skill level 4 in Maces & Flails
  1558 | D:2      | Reached skill level 1 in Armour
  1558 | D:2      | Reached XP level 4. HP: 26/39 MP: 4/4
  1813 | D:2      | Found a sacrificial altar of Ru.
  1886 | D:2      | Reached XP level 5. HP: 43/45 MP: 5/5
  1886 | D:2      | Noticed Robin
  1900 | D:2      | Killed Robin
  2218 | D:3      | Found a hazy altar of Hepliaklqana.
  2225 | D:3      | Became a worshipper of Hepliaklqana the Forgotten
  2535 | D:3      | Found an ancient bone altar of Kikubaaqudgha.
  2607 | D:4      | Reached * piety under Hepliaklqana
  2610 | D:4      | Reached skill level 5 in Maces & Flails
  2652 | D:4      | Noticed a hippogriff
  2661 | D:4      | Killed a hippogriff
  2661 | D:4      | Reached XP level 6. HP: 9/46 MP: 6/6
  3116 | D:4      | Noticed psellion's ghost (novice CeHu)
  3145 | D:4      | Killed psellion's ghost
  3145 | D:4      | Reached skill level 6 in Maces & Flails
  3145 | D:4      | Reached XP level 7. HP: 32/54 MP: 7/7
  3547 | D:4      | Reached skill level 1 in Stealth
  3547 | D:4      | Reached XP level 8. HP: 52/60 MP: 8/8
  3552 | D:4      | Found a burning altar of Makhleb.
  3609 | D:4      | Reached skill level 7 in Maces & Flails
  3948 | D:5      | Entered Level 5 of the Dungeon
  4092 | D:5      | Found a snail-covered altar of Cheibriados.
  4127 | D:5      | Reached ** piety under Hepliaklqana
  4128 | D:5      | Remembered your ancestor Æthelred as a hexer
  4210 | D:5      | Found Koluosuq's Armour Emporium.
  4666 | D:5      | Reached skill level 8 in Maces & Flails
  4767 | D:5      | Found a staircase to the Ecumenical Temple.
  4805 | Temple   | Entered the Ecumenical Temple
  5213 | D:5      | Reached skill level 5 in Dodging
  5213 | D:5      | Reached XP level 9. HP: 42/65 MP: 9/9
  5241 | D:5      | Found a blossoming altar of Fedhas.
  5335 | D:6      | Reached skill level 5 in Stealth
  5483 | D:6      | Reached *** piety under Hepliaklqana
  5885 | D:7      | Found a basalt altar of Yredelemnul.
  6032 | D:7      | Found a glowing golden altar of the Shining One.
  6034 | D:7      | Noticed an angel
  6040 | D:7      | Noticed a profane servitor
  6063 | D:7      | Noticed Pikel
  6114 | D:7      | Killed Pikel
  6114 | D:7      | Reached skill level 9 in Maces & Flails
  6457 | D:7      | Reached skill level 5 in Armour
  6794 | D:5      | Bought the cursed +0 cloak of Ganecla {rC+ Dex+3 Slay+2} for 332 gold pieces
  6971 | D:8      | Killed from afar by a swamp worm

Vault maps used:
D:1:      kilobyte_arrival_exit_the_forest, minmay_circled_x
D:2:      marbit_many_paths, chequers_ecumenical_altar_simple_redux,
          minmay_misc_feat_columns, uniq_robin
D:3:      nicolae_overflow_crystal_walls, lemuel_doored_altar,
          solitary_fountain, minmay_misc_feat_secret_circle
D:4:      kennysheep_mini, first_ration, skrybe_limestone_x, wad_floor_pattern_2
D:5:      slow_altar_1, kennysheep_mini_moat, minmay_temple_entry_nine_rooms,
          serial_shops, shop, kennysheep_crisscross, moated_statue
D:7:      grunt_temple_overflow_holy_war, the_bakery, uniq_pikel
D:8:      minmay_statue_hallways, zin_scriptorium,
          gammafunk_temple_overflow_elements, worms_lemuel
Temple:   dpeg_chambers_temple

Skill      XL: |  1  2  3  4  5  6  7  8  9 |
---------------+----------------------------+-----
Throwing       | 2 |  2.0
Maces & Flails | 4 5 6 8 9 |  9.4
Armour         | 1 2 3 4 5 |  5.1
Dodging        | 3 4 5 |  5.8
Stealth        | 1 4 7 |  7.2
Fighting       | |  2.0

Action                   |  1- 3 |  4- 6 |  7- 9 || total
-------------------------+-------+-------+-------++-------
Melee: Flail             |    86 |   145 |   209 ||   440
       Whip              |       |       |    16 ||    16
       Morningstar       |       |       |    11 ||    11
Invok: Ancestor Life: He |       |       |     1 ||     1
 Abil: Spit Poison       |     3 |     5 |     9 ||    17
Evoke: Wand              |       |       |     3 ||     3
  Use: Scroll            |       |     8 |    10 ||    18
       Potion            |       |     2 |     4 ||     6
 Stab: Sleeping          |     1 |       |     2 ||     3
       Distracted        |       |     1 |     1 ||     2
  Eat: Chunk             |     1 |     3 |     3 ||     7
       Ration            |       |     1 |     2 ||     3
Armor: Leather armour    |    14 |       |       ||    14
       Ring mail         |     9 |    71 |    93 ||   173
Dodge: Dodged            |    59 |    92 |   119 ||   270

Table legend:
 A = Spawn XP
 B = Non-spawn XP
 C = Spawn XP percentage of total XP
 D = Spawn monster count
 E = Non-spawn monster count
 F = Spawn count percentage of total count
 G = Total turns spent on level
                    A         B        C        D         E        F      G
               +---------+---------+-------+---------+---------+-------+---------
         Total |       0 |    4439 |   0.0 |       0 |     149 |   0.0 |  6971
               +---------+---------+-------+---------+---------+-------+---------
           D:1 |       0 |      46 |   0.0 |       0 |      23 |   0.0 |  1189
           D:2 |       0 |     145 |   0.0 |       0 |      25 |   0.0 |   847
           D:3 |       0 |      63 |   0.0 |       0 |      14 |   0.0 |   565
           D:4 |       0 |    1239 |   0.0 |       0 |      19 |   0.0 |  1347
           D:5 |       0 |     868 |   0.0 |       0 |      37 |   0.0 |  1156
           D:6 |       0 |     610 |   0.0 |       0 |      15 |   0.0 |   564
           D:7 |       0 |    1274 |   0.0 |       0 |      14 |   0.0 |   829
           D:8 |       0 |     194 |   0.0 |       0 |       2 |   0.0 |   232
               +---------+---------+-------+---------+---------+-------+---------
